HSSL
MAIZE HS @ SANTA FE HS CHIEFS
04/23/2023
 
TOP OF THE 1ST
Maize HS batting - Pitching for Santa Fe HS Chiefs : RHP Matt Sullivan
Pitching: RHP Matt Sullivan
Batting: RHB Miguel Hernández 0-0: Ball
1-0: Called Strike
1-1: Called Strike
1-2: Foul Ball, location: 2F
1-2: Ground out 6-3 (Groundball, 6M)
Batting: RHB Álex Hernández 0-0: DOUBLE (Line Drive, 7LS)
Batting: RHB Norris Howard 0-0: Ball
1-0: Ball
2-0: Ball
3-0: Called Strike
3-1: Base on Balls
Batting: RHB Ryan Jackson 0-0: Called Strike
0-1: Foul Ball, location: 2F
0-2: SINGLE (Line Drive, 9S)
Álex Hernández to third
Norris Howard to second
Batting: RHB José Murillo 0-0: Ball
1-0: Fly out, F8 (Flyball, 78D)
Runner from 3rd tags up, SCORES, throw made
Batting: LHB Glenn Scoville 0-0: Fielders Choice at 2nd, 5-4 (Groundball, 56)
Top of the 1st over - 1 run(s), 2 hit(s), 0 error(s), 1 left on base; Maize HS 1 - Santa Fe HS 0
BOTTOM OF THE 1ST
Santa Fe HS Chiefs batting - Pitching for Maize HS : RHP Tim Hooper
Pitching: RHP Tim Hooper
Batting: RHB Patrick Love 0-0: Called Strike
0-1: Ball
1-1: Ball
2-1: SINGLE (Groundball, 34D)
Batting: LHB Bob Jones 0-0: Called Strike
0-1: Ball
1-1: Fly out, F8 (Flyball, 8RM)
Batting: RHB Jeff Bane 0-0: Called Strike
0-1: Ball
1-1: Called Strike
Patrick Love steals 2nd base
1-2: Ground out 4-3 (Groundball, 4)
Patrick Love to third
Batting: LHB Corey MacGregor 0-0: Called Strike
0-1: Foul Ball, location: 2F
0-2: TRIPLE (Flyball, 78M)
Patrick Love scores
Batting: SHB Oliver Riley 0-0: Ball
1-0: Ball
2-0: SINGLE (Line Drive, 7S)
Corey MacGregor scores
Batting: RHB Art Cameron 0-0: Swinging Strike
0-1: Foul Ball, location: 2F
0-2: Foul Ball, location: 2F
0-2: Ball
1-2: Strikes out swinging
Bottom of the 1st over - 2 run(s), 3 hit(s), 0 error(s), 1 left on base; Maize HS 1 - Santa Fe HS 2
TOP OF THE 2ND
Maize HS batting - Pitching for Santa Fe HS Chiefs : RHP Matt Sullivan
Batting: LHB Bill Stephenson 0-0: Called Strike
0-1: Swinging Strike
0-2: Fly out, F4 (Popup, 4D)
Batting: RHB Raúl González 0-0: Called Strike
0-1: Ball
1-1: Ball
2-1: Ball
3-1: Base on Balls
Batting: RHB Juan Romero 0-0: Called Strike
0-1: Ball
1-1: Ball
2-1: Foul Ball, location: 2F
2-2: Foul Ball, location: 2F
2-2: Strikes out swinging
Batting: RHB Miguel Hernández 0-0: Ball
1-0: Foul Ball, location: 2F
1-1: Called Strike
1-2: Foul Ball, location: 2F
1-2: Ground out 6-3 (Groundball, 6)
Top of the 2nd over - 0 run(s), 0 hit(s), 0 error(s), 1 left on base; Maize HS 1 - Santa Fe HS 2
BOTTOM OF THE 2ND
Santa Fe HS Chiefs batting - Pitching for Maize HS : RHP Tim Hooper
Batting: SHB Ernest Hood 0-0: Fly out, F7 (Flyball, 7M)
Batting: SHB Tony Yan 0-0: Foul Ball, location: 2F
0-1: Ground out 1-3 (Groundball, 13S)
Batting: RHB Enrico Davis 0-0: Ball
1-0: Called Strike
1-1: Reached on error, E5 (Groundball, 15S)
Batting: RHB Patrick Love 0-0: Ball
1-0: Ground out 6-3 (Groundball, 6)
Bottom of the 2nd over - 0 run(s), 0 hit(s), 1 error(s), 1 left on base; Maize HS 1 - Santa Fe HS 2
TOP OF THE 3RD
Maize HS batting - Pitching for Santa Fe HS Chiefs : RHP Matt Sullivan
Batting: RHB Álex Hernández 0-0: Foul Ball, location: 2F
0-1: Ground out 5-3 (Groundball, 5)
Batting: RHB Norris Howard 0-0: Called Strike
0-1: Ball
1-1: Swinging Strike
1-2: Ball
2-2: Ball
3-2: Foul Ball, location: 2F
3-2: Foul Ball, location: 2F
3-2: SOLO HOME RUN (Flyball, 7LD), Distance : 352 ft
Batting: RHB Ryan Jackson 0-0: SINGLE (Line Drive, 89S)
Batting: RHB José Murillo 0-0: Ball
1-0: Ball
2-0: Called Strike
2-1: SINGLE (Line Drive, 89M)
Ryan Jackson to second
Batting: LHB Glenn Scoville 0-0: DOUBLE (Line Drive, 7M)
Ryan Jackson scores
José Murillo to third
Batting: LHB Bill Stephenson 0-0: Ball
1-0: Ground out U3 (Groundball, 3L)
Batting: RHB Raúl González 0-0: Called Strike
0-1: Foul Ball, location: 2F
0-2: Foul Ball, location: 2F
0-2: Ball
1-2: Ground out 1-3 (Groundball, 23)
Top of the 3rd over - 2 run(s), 4 hit(s), 0 error(s), 2 left on base; Maize HS 3 - Santa Fe HS 2
BOTTOM OF THE 3RD
Santa Fe HS Chiefs batting - Pitching for Maize HS : RHP Tim Hooper
Batting: LHB Bob Jones 0-0: Called Strike
0-1: Called Strike
0-2: Ground out 1-3 (Groundball, 15S)
Batting: RHB Jeff Bane 0-0: Foul Ball, location: 2F
0-1: Foul Ball, location: 2F
0-2: Ball
1-2: Ball
2-2: Ball
3-2: Base on Balls
Batting: LHB Corey MacGregor 0-0: Ball
1-0: Swinging Strike
1-1: Swinging Strike
1-2: Strikes out looking
Batting: SHB Oliver Riley 0-0: Ball
1-0: Called Strike
1-1: DOUBLE (Flyball, 7LM)
Jeff Bane to third
Batting: RHB Art Cameron 0-0: Ball
1-0: Ball
2-0: Called Strike
2-1: Ball
3-1: Base on Balls
Batting: SHB Ernest Hood 0-0: Ball
1-0: Ball
2-0: Ball
3-0: Base on Balls
Jeff Bane scores
Oliver Riley to third
Art Cameron to second
Batting: SHB Tony Yan 0-0: Called Strike
0-1: Ball
1-1: Swinging Strike
1-2: Ball
2-2: Ball
3-2: Strikes out swinging
Bottom of the 3rd over - 1 run(s), 1 hit(s), 0 error(s), 3 left on base; Maize HS 3 - Santa Fe HS 3
TOP OF THE 4TH
Maize HS batting - Pitching for Santa Fe HS Chiefs : RHP Matt Sullivan
Batting: RHB Juan Romero 0-0: Ball
1-0: Ball
2-0: Called Strike
2-1: Called Strike
2-2: Foul Ball, location: 2F
2-2: Strikes out looking
Batting: RHB Miguel Hernández 0-0: Foul Ball, location: 2F
0-1: Swinging Strike
0-2: SINGLE (Flyball, 4MD)
Batting: RHB Álex Hernández 0-0: SINGLE (Flyball, 89M)
Miguel Hernández to second
Batting: RHB Norris Howard 0-0: Swinging Strike
0-1: Swinging Strike
0-2: Foul Ball, location: 2F
0-2: DOUBLE (Line Drive, 5L)
Miguel Hernández scores
Álex Hernández to third
Batting: RHB Ryan Jackson 0-0: Called Strike
0-1: Ball
1-1: Called Strike
1-2: Ball
2-2: Ball
3-2: Base on Balls
Batting: RHB José Murillo 0-0: Reaches on Catchers interference
Álex Hernández scores
Norris Howard to third
Ryan Jackson to second
Pitching: RHP Dave Williams
Batting: LHB Glenn Scoville 0-0: Ball
1-0: Called Strike
1-1: TRIPLE (Flyball, 8RM)
Norris Howard scores
Ryan Jackson scores
José Murillo scores
Batting: LHB Bill Stephenson 0-0: Called Strike
0-1: Foul Ball, location: 2F
0-2: Ball
1-2: Fly out, F7 (Flyball, 7M)
Runner from 3rd tags up, SCORES, throw made
Batting: RHB Raúl González 0-0: Ball
1-0: Ball
2-0: Ball
3-0: Called Strike
3-1: Fly out, F3 (Line Drive, 34S)
Top of the 4th over - 6 run(s), 4 hit(s), 1 error(s), 0 left on base; Maize HS 9 - Santa Fe HS 3
BOTTOM OF THE 4TH
Santa Fe HS Chiefs batting - Pitching for Maize HS : RHP Tim Hooper
Batting: RHB Enrico Davis 0-0: Called Strike
0-1: Swinging Strike
0-2: SINGLE (Line Drive, 56D)
Batting: RHB Patrick Love 0-0: Foul Ball, location: 2F
0-1: Ball
1-1: Swinging Strike
1-2: Strikes out looking
Batting: LHB Bob Jones 0-0: Called Strike
0-1: Fly out, F7 (Flyball, 7M)
Batting: RHB Jeff Bane 0-0: Ball
1-0: Ball
2-0: DOUBLE (Flyball, 9M)
Enrico Davis to third
Batting: LHB Corey MacGregor 0-0: Ball
1-0: Ball
2-0: Called Strike
2-1: 3-RUN HOME RUN (Flyball, 8LXD), Distance : 443 ft
Batting: SHB Oliver Riley 0-0: Ball
1-0: Ball
2-0: Fly out, F7 (Flyball, 78M)
Bottom of the 4th over - 3 run(s), 3 hit(s), 0 error(s), 0 left on base; Maize HS 9 - Santa Fe HS 6
TOP OF THE 5TH
Maize HS batting - Pitching for Santa Fe HS Chiefs : RHP Dave Williams
Batting: RHB Juan Romero 0-0: Called Strike
0-1: Foul Ball, location: 2F
0-2: Foul Ball, location: 2F
0-2: Hit by Pitch
Batting: RHB Miguel Hernández 0-0: Foul Ball, location: 2F
0-1: Fly out, F9 (Line Drive, 89M)
Batting: RHB Álex Hernández 0-0: Ball
Throwing error on steal attempt, E2
Juan Romero to third
1-0: Ball
2-0: Ball
3-0: Base on Balls
Batting: RHB Norris Howard 0-0: Ball
1-0: Called Strike
1-1: Ball
2-1: Ball
3-1: Swinging Strike
3-2: SINGLE (Flyball, 89S)
Juan Romero scores
Álex Hernández to second
Batting: RHB Ryan Jackson 0-0: Called Strike
0-1: Called Strike
0-2: Strikes out looking
Batting: RHB José Murillo 0-0: Foul Ball, location: 2F
0-1: Ball
1-1: Foul Ball, location: 2F
1-2: Ball
2-2: Foul Ball, location: 2F
2-2: Foul Ball, location: 2F
2-2: Ball
3-2: Strikes out swinging
Top of the 5th over - 1 run(s), 1 hit(s), 1 error(s), 2 left on base; Maize HS 10 - Santa Fe HS 6
BOTTOM OF THE 5TH
Santa Fe HS Chiefs batting - Pitching for Maize HS : RHP Tim Hooper
Pitching: RHP Cedric Shaw
Batting: RHB Art Cameron 0-0: Ball
1-0: Foul Ball, location: 2F
1-1: Ground out 1-3 (Groundball, 15)
Batting: SHB Ernest Hood 0-0: Swinging Strike
0-1: SOLO HOME RUN (Flyball, 7D), Distance : 414 ft
Batting: SHB Tony Yan 0-0: Called Strike
0-1: Called Strike
0-2: Ball
1-2: Strikes out swinging
Batting: RHB Enrico Davis 0-0: Fly out, F8 (Flyball, 8LM)
Bottom of the 5th over - 1 run(s), 1 hit(s), 0 error(s), 0 left on base; Maize HS 10 - Santa Fe HS 7
TOP OF THE 6TH
Maize HS batting - Pitching for Santa Fe HS Chiefs : RHP Dave Williams
Batting: LHB Glenn Scoville 0-0: Called Strike
0-1: Swinging Strike
0-2: Strikes out swinging
Pitching: LHP John Claveau
Batting: LHB Bill Stephenson 0-0: Ball
1-0: Ball
2-0: Ball
3-0: Called Strike
3-1: Called Strike
3-2: SINGLE (Line Drive, 56D)
Batting: RHB Raúl González 0-0: Ball
1-0: Called Strike
Bill Stephenson steals 2nd base
1-1: Ground out 5-3 (Groundball, 56)
Batting: RHB Juan Romero 0-0: Ball
1-0: Ball
2-0: Swinging Strike
2-1: Called Strike
Bill Stephenson steals 3rd base
2-2: Foul Ball, location: 2F
2-2: Ball
3-2: Foul Ball, location: 2F
3-2: Foul Ball, location: 2F
3-2: Base on Balls
Batting: RHB Miguel Hernández 0-0: Ball
Throwing error on steal attempt, E2
Bill Stephenson scores
Juan Romero to third
1-0: Foul Ball, location: 2F
1-1: Ball
2-1: Foul Ball, location: 2F
2-2: Foul Ball, location: 2F
2-2: Foul Ball, location: 2F
2-2: Ball
3-2: Foul Ball, location: 2F
3-2: Base on Balls
Batting: RHB Álex Hernández 0-0: Foul Ball, location: 2F
0-1: Fly out, F3 (Popup, 3SF)
Top of the 6th over - 1 run(s), 1 hit(s), 1 error(s), 2 left on base; Maize HS 11 - Santa Fe HS 7
BOTTOM OF THE 6TH
Santa Fe HS Chiefs batting - Pitching for Maize HS : RHP Cedric Shaw
Batting: RHB Patrick Love 0-0: Called Strike
0-1: Ball
1-1: Swinging Strike
1-2: Fly out, F7 (Line Drive, 78M)
Batting: LHB Bob Jones 0-0: Ball
1-0: Ball
2-0: SOLO HOME RUN (Flyball, 89XD), Distance : 434 ft
Batting: RHB Jeff Bane 0-0: Called Strike
0-1: Ground out 4-3 (Groundball, 4)
Batting: LHB Corey MacGregor 0-0: Called Strike
0-1: Ground out 4-3 (Groundball, 4)
Bottom of the 6th over - 1 run(s), 1 hit(s), 0 error(s), 0 left on base; Maize HS 11 - Santa Fe HS 8
TOP OF THE 7TH
Maize HS batting - Pitching for Santa Fe HS Chiefs : LHP John Claveau
Batting: RHB Norris Howard 0-0: Ball
1-0: Called Strike
1-1: Ball
2-1: Ball
3-1: Called Strike
3-2: Strikes out swinging
Batting: RHB Ryan Jackson 0-0: Ground out 4-3 (Groundball, 4)
Pitching: RHP Miguel López
Batting: RHB José Murillo 0-0: Foul Ball, location: 2F
0-1: Foul Ball, location: 2F
0-2: Ground out 5-3 (Groundball, 56)
Top of the 7th over - 0 run(s), 0 hit(s), 0 error(s), 0 left on base; Maize HS 11 - Santa Fe HS 8
BOTTOM OF THE 7TH
Santa Fe HS Chiefs batting - Pitching for Maize HS : RHP Cedric Shaw
Pitching: RHP Dave Wilson
Batting: SHB Oliver Riley 0-0: Foul Ball, location: 2F
0-1: Ball
1-1: Ball
2-1: Ball
3-1: Base on Balls
Batting: RHB Art Cameron 0-0: Called Strike
0-1: Fly out, F9 (Flyball, 89M)
Batting: SHB Ernest Hood 0-0: Ball
1-0: Swinging Strike
1-1: Ball
2-1: Ball
3-1: Called Strike
3-2: Ground out U3 (Groundball, 3)
Oliver Riley to second
Batting: SHB Tony Yan 0-0: Ball
1-0: Swinging Strike
1-1: Foul Ball, location: 2F
1-2: Foul Ball, location: 2F
1-2: Ball
2-2: Ball
3-2: Foul Ball, location: 2F
3-2: Foul Ball, location: 2F
3-2: Fly out, F6 (Popup, 56D)
Bottom of the 7th over - 0 run(s), 0 hit(s), 0 error(s), 1 left on base; Maize HS 11 - Santa Fe HS 8
TOP OF THE 8TH
Maize HS batting - Pitching for Santa Fe HS Chiefs : RHP Miguel López
Batting: LHB Glenn Scoville 0-0: Swinging Strike
0-1: Ball
1-1: Foul Ball, location: 2F
1-2: Strikes out looking
Batting: LHB Bill Stephenson 0-0: Called Strike
0-1: Swinging Strike
0-2: Strikes out swinging
Batting: RHB Raúl González 0-0: Called Strike
0-1: Ball
1-1: Ball
2-1: Called Strike
2-2: Ball
3-2: Base on Balls
Batting: RHB Juan Romero 0-0: Called Strike
0-1: Ball
1-1: 2-RUN HOME RUN (Flyball, 7D), Distance : 396 ft
Batting: RHB Miguel Hernández 0-0: Ball
1-0: Ball
2-0: Called Strike
2-1: Fly out, F7 (Flyball, 7LM)
Top of the 8th over - 2 run(s), 1 hit(s), 0 error(s), 0 left on base; Maize HS 13 - Santa Fe HS 8
BOTTOM OF THE 8TH
Santa Fe HS Chiefs batting - Pitching for Maize HS : RHP Dave Wilson
Batting: RHB Enrico Davis 0-0: Fly out, F9 (Flyball, 9LMF)
Batting: RHB Patrick Love 0-0: Foul Ball, location: 2F
0-1: Called Strike
0-2: Foul Ball, location: 2F
0-2: SINGLE (Line Drive, 89S)
Batting: LHB Bob Jones 0-0: Swinging Strike
0-1: 2-RUN HOME RUN (Flyball, 9LD), Distance : 361 ft
Batting: RHB Jeff Bane 0-0: Ball
1-0: DOUBLE (Flyball, 8RM)
Pitching: LHP Dan Thompson
Batting: LHB Corey MacGregor 0-0: Ball
1-0: Foul Ball, location: 2F
1-1: Fly out, F6 (Popup, 5)
Batting: SHB Oliver Riley 0-0: Fly out, F3 (Popup, 3SF)
Bottom of the 8th over - 2 run(s), 3 hit(s), 0 error(s), 1 left on base; Maize HS 13 - Santa Fe HS 10
TOP OF THE 9TH
Maize HS batting - Pitching for Santa Fe HS Chiefs : RHP Miguel López
Batting: RHB Álex Hernández 0-0: SINGLE (Line Drive, 4MD)
Batting: RHB Norris Howard 0-0: DOUBLE (Line Drive, 7LM)
Álex Hernández to third
Batting: RHB Ryan Jackson 0-0: Fly out, F7 (Flyball, 78S)
Batting: RHB José Murillo 0-0: Intentional Walk
Batting: LHB Glenn Scoville 0-0: Called Strike
0-1: Called Strike
0-2: Ball
1-2: Ball
2-2: Foul Ball, location: 2F
2-2: Strikes out swinging
Batting: LHB Bill Stephenson 0-0: Ball
Wild Pitch!
Álex Hernández scores
Norris Howard to third
José Murillo to second
1-0: Called Strike
1-1: Swinging Strike
1-2: Strikes out swinging
Top of the 9th over - 1 run(s), 2 hit(s), 0 error(s), 2 left on base; Maize HS 14 - Santa Fe HS 10
BOTTOM OF THE 9TH
Santa Fe HS Chiefs batting - Pitching for Maize HS : LHP Dan Thompson
Batting: RHB Art Cameron 0-0: Called Strike
0-1: Ball
1-1: Called Strike
1-2: Ball
2-2: Foul Ball, location: 2F
2-2: Foul Ball, location: 2F
2-2: Fly out, F4 (Popup, 3F)
Batting: SHB Ernest Hood 0-0: Foul Ball, location: 2F
0-1: Swinging Strike
0-2: Foul Ball, location: 2F
0-2: Strikes out swinging
Batting: SHB Tony Yan 0-0: Foul Ball, location: 2F
0-1: Foul Ball, location: 2F
0-2: Ball
1-2: DOUBLE (Flyball, 8RD)
Batting: RHB Enrico Davis 0-0: Ball
1-0: Called Strike
1-1: Ball
2-1: Swinging Strike
2-2: Strikes out swinging
Bottom of the 9th over - 0 run(s), 1 hit(s), 0 error(s), 1 left on base; Maize HS 14 - Santa Fe HS 10
This league is powered by Out of the Park Baseball, the baseball management simulation game for PC, Mac and Linux
Wednesday, December 2nd, 2015 - OOTP Baseball 16.8 Build 38